 Dungeon Crawl Stone Soup version 0.25.1-8-g42b30a86e7 (webtiles) character file.

Game seed: 9841129093457046113

59 FreshCat the Skirmisher (level 3, -4/30 HPs)
             Began as a Demonspawn Abyssal Knight on Dec 17, 2020.
             Was a Follower of Lugonu.
             Slain by a hound (5 damage)
             ... on level 4 of the Dungeon.
             The game lasted 00:05:45 (1660 turns).

FreshCat the Skirmisher (Demonspawn Abyssal Knight) Turns: 1660, Time: 00:05:46

Health: -4/30      AC:  3    Str: 13    XL:     3   Next: 78%
Magic:  4/4        EV: 11    Int: 13    God:    Lugonu [*.....]
Gold:   60         SH:  0    Dex: 12    Spells: 2/2 levels left

rFire    . . .     SeeInvis +   a - +2 falchion
rCold    . . .     Gourm    .   (no shield)
rNeg     . . .     Faith    .   b - +0 leather armour
rPois    .         Spirit   .   (no helmet)
rElec    .         Reflect  .   (no cloak)
rCorr    .         Harm     .   (no gloves)
MR       .....                  (no boots)
Stlth    +.........             (no amulet)
HPRegen  0.10/turn              l - ring of see invisible
MPRegen  0.09/turn              (no ring)

@: very slightly contaminated, invisible
A: claws 2
a: Depart the Abyss, Renounce Religion


You were on level 4 of the Dungeon.
You worshipped Lugonu.
Lugonu was aware of your devotion.
You were hungry.

You visited 1 branch of the dungeon, and saw 4 of its levels.
You visited the Abyss 1 time.

You collected 60 gold pieces.

Inventory:

Hand Weapons
 a - a +2 falchion (weapon)
Missiles
 d - 8 boomerangs (quivered)
 e - 34 stones
Armour
 b - a +0 leather armour (worn)
Jewellery
 l - a ring of see invisible (left claw)
Scrolls
 j - a scroll of enchant weapon
Potions
 k - a potion of degeneration {unknown}
 m - a potion of brilliance {unknown}
Comestibles
 c - 4 rations
 f - 2 chunks of flesh


   Skills:
 + Level 3.7 Fighting
 + Level 2.5 Long Blades
 + Level 0.9 Throwing
 + Level 2.1 Armour
 + Level 1.0 Dodging
 + Level 0.1 Stealth
 + Level 2.4 Invocations


You had 2 spell levels left.
You didn't know any spells.
Your spell library was empty.

Dungeon Overview and Level Annotations

Branches:
Dungeon (3/15)

Altars:
Uskayaw

Annotations:
D:4 Edmund


Innate Abilities, Weirdness & Mutations

You have very sharp fingernails.


Message History

The hound barely misses you.
You riposte.
You hit the hound.
The hound is heavily wounded.
The worker ant barely misses you.
You riposte.
You slash the worker ant!
The worker ant is heavily wounded.
You slash the hound!
The hound is almost dead.
The hound bites you but does no damage. The ogre closely misses you.
The orc throws a boomerang.
The boomerang closely misses the hound.
The boomerang hits you but does no damage.
The weapon returns to the orc!
The worker ant closely misses you. The hound barely misses you.
You riposte.
You are feeling hungry.
You miss the hound.
The hound is almost dead.
You miss the hound.
The hound is almost dead.
The worker ant bites you!
* * * LOW HITPOINT WARNING * * *
The hound closely misses you. The hound bites you.
You die...

###..#..........##
#....#.#...........
#.....##...........
#.....###...o......
##...## ...#.......
###.[###..##.##...
#.o.# #### .. ...


#ahO# ... ## ##@## ### You could see an ogre, a hound, a worker ant and an orc.

Vanquished Creatures
  An adder (D:2)
  4 dart slugs (D:1)
  2 leopard geckos
  An orc (D:2)
  A giant cockroach (D:1)
  6 goblins (D:1)
  4 hobgoblins
  2 jackals (D:1)
  5 bats
  4 frilled lizards (D:1)
  2 kobolds (D:1)
  7 rats (D:1)
39 creatures vanquished.

Notes
Turn   | Place    | Note
-------+----------+-------------------------------------------
     0 | Abyss:1  | FreshCat the Demonspawn Abyssal Knight began the quest for
                  | the Orb.
     0 | Abyss:1  | Reached XP level 1. HP: 18/18 MP: 2/2
    64 | Abyss:1  | Found a viscous altar of Jiyva.
    78 | Abyss:1  | Noticed a thrashing horror
    85 | Abyss:1  | Noticed an iron imp
   101 | D:1      | Escaped the Abyss
   375 | D:1      | Gained mutation: You have sharp fingernails. [demonic
                  | ancestry]
   375 | D:1      | Reached XP level 2. HP: 21/24 MP: 3/3
   385 | D:1      | Reached * piety under Lugonu
   716 | D:1      | Gained mutation: You have very sharp fingernails. [demonic
                  | ancestry]
   716 | D:1      | Reached XP level 3. HP: 29/29 MP: 4/4
  1179 | D:1      | Reached skill level 1 in Dodging
  1630 | D:2      | Found a hide-covered altar of Uskayaw.
  1632 | D:2      | You fall into a shaft and drop 2 floors!
  1633 | D:4      | Noticed Edmund
  1645 | D:4      | Noticed an ogre
  1660 | D:4      | HP: 1/30 [worker ant (7)]
  1660 | D:4      | Slain by a hound

Illustrated notes

Levels and vault maps discovered:
D:1:      lemuel_arrival_lava_pool, layout_loops_ring
D:2:      layout_loops_cross, eat_drink_and_be_merry_uskayaw, serial_undead,
          serial_undead_d, serial_undead_b, serial_undead_b, serial_undead_b,
          chequers_ecumenical_altar_simple_redux
D:3:      layout_basic, nicolae_dithmenos_shadow_blocks,
          minmay_misc_feat_hallway, uniq_natasha, uniq_jessica, uniq_grinder,
          uniq_sigmund
D:4:      layout_cave_pools, first_ration, uniq_edmund

Skill      XL: |  1  2  3 |
---------------+----------+-----
Armour         | 2 |  2.1
Long Blades    | 2 |  2.5
Dodging        | 1 |  1.0
Fighting       | |  3.7
Throwing       | |  0.9
Stealth        | |  0.1
Invocations    | |  2.4

Action                   || total
-------------------------++-------
Melee: Falchion          ||    90
Throw: Boomerang         ||    26
Invok: Depart the Abyss  ||     1
  Use: Scroll            ||     3
       Potion            ||     1
  Eat: Chunk             ||     2
Armor: Leather armour    ||    35
Dodge: Dodged            ||    69
       Rpst.: Falchion   ||    26
